 Dungeon Crawl Stone Soup version 0.31-a0-1591-g515db51633 (webtiles) character file.

Game seed: 16241870702260079943

26 timneilson the Shield-Bearer (level 3, 0/23 HPs)
             Began as a Gargoyle Fighter on Jan 7, 2024.
             Slain by Terence
             ... wielding a +0 mace
              (2 damage)
             ... on level 2 of the Dungeon.
             The game lasted 00:01:49 (942 turns).

timneilson the Shield-Bearer (Gargoyle Fighter)      Turns: 942, Time: 00:01:49

Health: 0/23       AC: 12    Str: 19    XL:     3   Next: 8%
Magic:  3/3        EV:  9    Int:  8    God:
Gold:   98         SH:  4    Dex: 11    Spells: 2/2 levels left

rFire   + . .        a - +0 long sword
rCold   + . .        c - +0 buckler
rNeg    + . .        b - +0 scale mail
rPois   ∞            i - +0 helmet
rElec   +            g - scarf {rC+ rF+}
rCorr   .            f - +0 pair of gloves
SInv    .            (no boots)
Will    .....        (no amulet) Stlth
                     (no ring)
HPRegen 0.23/turn    (no ring)
MPRegen 0.08/turn

%: no passive effects
@: no status effects
A: sickness immunity, AC +3, negative energy resistance 1, electricity
resistance, torment resistance 1, petrification resistance
a: no special abilities


You were on level 2 of the Dungeon.
You visited 1 branch of the dungeon, and saw 2 of its levels.

You collected 98 gold pieces.

Inventory:

Hand Weapons
 a - a +0 long sword (weapon)
Armour
 b - a +0 scale mail (worn)
 c - a +0 buckler (worn)
 f - a +0 pair of gloves (worn)
 g - a scarf of resistance (worn)
 i - a +0 helmet (worn)
Potions
 d - 2 potions of might
 e - a potion of lignification


   Skills:
 + Level 3.4 Fighting
 * Level 2.1 Long Blades
 * Level 3.6 Armour
 + Level 0.3 Dodging
 * Level 3.7 Shields


You had 2 spell levels left.
You didn't know any spells.
Your spell library was empty.

Dungeon Overview and Level Annotations

Branches:
Dungeon (2/15)

Altars:

Annotations:
D:2 Terence


Innate Abilities, Weirdness & Mutations

You are immune to sickness and miasma.
Your stone body is resilient. (AC +3)
You are immune to poison.
You resist negative energy. (rN+)
You are resistant to electric shocks. (rElec)
You are resistant to unholy torment.
You are immune to petrification.


Message History

Terence hits you but does no damage.
You barely miss Terence.
Terence is moderately wounded.
Terence barely misses you.
You hit Terence.
Terence is heavily wounded.
Terence hits you with a +0 mace.
Terence screams, "I'm going to kill you!"
Terence closely misses you.
You barely miss Terence.
Terence is heavily wounded.
Terence hits you but does no damage.
You hit Terence but do no damage.
Terence is heavily wounded.
Terence hits you with a +0 mace.
You hit Terence but do no damage.
Terence is heavily wounded.
Terence barely misses you. Terence closely misses you.
You closely miss Terence.
Terence is heavily wounded.
Terence says, "Did you write a will?
You should..."
Terence hits you but does no damage.
You hit Terence but do no damage.
Terence is heavily wounded.
Terence bares his teeth.
Terence hits you with a +0 mace.
You hit Terence but do no damage.
Terence is heavily wounded.
You block Terence's attack.
You slash Terence!
Terence is severely wounded.
Terence hits you with a +0 mace.
Terence says, "You're history."
Terence hits you with a +0 mace!
* * * LOW HITPOINT WARNING * * *
You hit Terence.
Terence is almost dead.
Terence hits you with a +0 mace.
You die...
Terence says, "Time to find some more victims."

###########
#>........############
#.).#####............#
#...######...........#
#......@@g...=.......+
#.########...........#
##########.#
#...........#
.....†.....#
#...........#
####......##
##..........# ##
#......# #...g......#
.# #......#
#..........## .#
#......# #...........#
.# ########
#...........#


You could see Terence and a hobgoblin.

Vanquished Creatures
  2 bats (D:1)
  4 endoplasms
  A giant cockroach (D:1)
  3 goblins
  3 hobgoblins (D:1)
  3 quokkas
  A ball python (D:1)
  A kobold (D:2)
  6 rats
24 creatures vanquished.

Notes
Turn   | Place    | Note
-------+----------+-------------------------------------------
     0 | D:1      | timneilson the Gargoyle Fighter began the quest for the
                  | Orb.
     0 | D:1      | Reached XP level 1. HP: 14/14 MP: 1/1
   103 | D:1      | Reached XP level 2. HP: 19/19 MP: 2/2
   884 | D:2      | Reached XP level 3. HP: 23/23 MP: 3/3
   910 | D:2      | Noticed Terence
   942 | D:2      | Slain by Terence

Illustrated notes

Levels and vault maps discovered:
D:1:      beargit_arrival_greenhouse, layout_loops_cross
D:2:      layout_basic, uniq_robin, uniq_terence

Skill      XL: |  1  2 |
---------------+-------+-----
Long Blades    | 2 |  2.1
Fighting       | |  3.4
Armour         | |  3.6
Dodging        | |  0.3
Shields        | |  3.7

Action                     || total
---------------------------++-------
  Melee: Long sword        ||    92
    Use: Scroll            ||     3
 Armour: Scale mail        ||    55
  Dodge: Dodged            ||    41
  Block: Buckler           ||    19

Table legend: (Time is in decaauts)
 A = Elapsed time spent in this place.
 B = Non-inter-level travel time spent in this place.
 C = Inter-level travel time spent in this place.
 D = Time resting spent in this place.
 E = Time spent auto-exploring this place.
 F = Levels seen in this place.
 G = Mean time per level.
                   A        B        C        D        E       F      G
               +--------+--------+--------+--------+--------+-----+--------+
         Total |    971 |    911 |     60 |      0 |    627 |   2 |  485.5 |
       Dungeon |    971 |    911 |     60 |      0 |    627 |   2 |  485.5 |
               +--------+--------+--------+--------+--------+-----+--------+

Top non-repeatable levels by time:
     D:1: 719 daAuts
     D:2: 251 daAuts
